 Dungeon Sprint DCSS version 0.30-a0-364-gf6b3ef1049 (webtiles) character file.

Game seed: 8131328246454984665

1984 mhtbhm the Protected (level 9, 0/87 HPs)
             Began as an Armataur Fighter on Nov 15, 2022.
             Was an Initiate of Gozag.
             Slain by a catoblepas (4 damage)
             ... in the Dungeon (Sprint IX: "|||||||||||||||||||||||||||||").
             The game lasted 00:03:09 (733 turns).

mhtbhm the Protected (Armataur Fighter)              Turns: 733, Time: 00:03:09

Health: 0/87       AC: 15    Str: 25    XL:     9   Next: 1%
Magic:  9/9        EV:  5    Int:  9    God:    Gozag
Gold:   207        SH:  6    Dex: 13    Spells: 8/8 levels left

rFire   . . .      SeeInvis .    a - +0 flail
rCold   . . .      Faith    .    c - +0 buckler
rNeg    . . .      Spirit   .    b - +0 plate armour
rPois   .          Reflect  .    (no helmet)
rElec   .          Harm     .    (no cloak)
rCorr   .          Roll     +    m - +0 pair of gloves
Will    .....      NoTele   +    (no barding)
Stlth   ..........               (no amulet)
HPRegen 0.34/turn                o - +2 ring of evasion
MPRegen 0.11/turn                n - +3 ring of dexterity

@: mighty, petrifying (expiring), invisible, very slow
A: large, rugged brown scales 3, deformed body, armoured tail, roll, long
tongue, awkward tongue
a: Renounce Religion, Potion Petition, Call Merchant, Bribe Branch


You were in the Dungeon.
You worshipped Gozag.
Gozag was aware of your devotion.
You visited 1 branch You collected 495 gold pieces.
You paid 288 gold pieces to Gozag.

Inventory:

Hand Weapons
 a - a +0 flail (weapon)
Armour
 b - a +0 plate armour (worn)
 c - a +0 buckler (worn)
 m - a +0 pair of gloves (worn)
Jewellery
 n - a +3 ring of dexterity (right hand)
 o - a +2 ring of evasion (left hand)
Scrolls
 j - 2 scrolls of blinking
 k - 2 scrolls of amnesia
Potions
 h - 4 potions of magic


   Skills:
 + Level 8.8 Fighting
 + Level 10.0 Maces & Flails
 + Level 12.9 Armour
 + Level 2.7 Dodging
 + Level 3.0 Stealth
 + Level 10.2 Shields
 + Level 3.1 Evocations


You had 8 spell levels left.
You didn't know any spells.
Your spell library was empty.

Dungeon Overview and Level Annotations

Branches:
Dungeon (1/1)

Altars:
Cheibriados
Dithmenos
Elyvilon
Fedhas
Gozag
Hepliaklqana
Kikubaaqudgha
Makhleb
Nemelex Xobeh
Okawaru
Qazlal
Ru
Sif Muna
Trog
Uskayaw
Vehumet
Wu Jian
Xom
Yredelemnul
Zin
The Shining One
Jiyva
Lugonu


Innate Abilities, Weirdness & Mutations

You are completely covered in rugged brown scales. (AC +3, +7% HP)
Armour fits poorly on your strangely shaped body.
You have a long armoured tail.
You roll when moving toward enemies. (Rampage)
Your long tongue fully drains potion bottles. (2x potion effects)
Your tongue gives you trouble enunciating. (1.5x scroll delay)


Message History

The catoblepas is moderately wounded.
The catoblepas breathes a plume of calcifying dust at you.
The blast of calcifying dust hits you but does no damage.
You have turned to stone.
The catoblepas gores you but does no damage.
The catoblepas gores you!
The catoblepas breathes a plume of calcifying dust at you.
The blast of calcifying dust hits you. The catoblepas gores you!
The catoblepas gores you but does no damage.
The catoblepas gores you but does no damage.
The boulder beetle is no longer petrified.
The catoblepas breathes a plume of calcifying dust at you.
The blast of calcifying dust hits you!
The catoblepas breathes a plume of calcifying dust at you.
The blast of calcifying dust hits you but does no damage.
You turn to flesh and can move again.
You sock the catoblepas!
The catoblepas is heavily wounded.
The catoblepas gores you!!
* * * LOW HITPOINT WARNING * * *
Unknown command.
Press < or > to pray at altars.
You completely miss the catoblepas. You tail-slap the catoblepas!
The catoblepas is heavily wounded.
You are slowing down.
You block the catoblepas's attack.
You hit the catoblepas but do no damage.
You tail-slap the catoblepas.
The catoblepas is severely wounded.
The catoblepas gores you.
* * * LOW HITPOINT WARNING * * *
Your limbs are stiffening.
Unknown command.
Press < or > to pray at altars.
You hit the catoblepas but do no damage.
The catoblepas is severely wounded.
The catoblepas gores you!
You die...
Your body crumbles into a pile of gold.

▓_▓
▓_▓
$
▓_▓
$
▓_▓
$
▓_▓
$
▓_▓
$
▓B▓
$
▓Y▓
$
▓@▓
$
▓§▓
$
▓§▓
$
▓§▓
$
▓_▓
$
▓§▓
▓_▓
$
▓_▓
$
▓_▓
$


You could see a catoblepas (unable to see you) and a boulder beetle (unable to
see you).

Vanquished Creatures
  A deep elf pyromancer (D)
  An ugly thing (D)
  A troll (D)
  A wyvern (D)
  A vampire (D)
  A yak (D)
  3 orc warriors (D)
  An ogre (D)
  A phantom (D)
  A gnoll sergeant (D)
  A scorpion (D)
  A hound (D)
  An ufetubus (D)
  A bat (D)
  2 hobgoblins (D)
  A frilled lizard (D)
  A rat (D)
20 creatures vanquished.

Notes
Turn   | Place    | Note
-------+----------+-------------------------------------------
     0 | D        | mhtbhm the Armataur Fighter began the quest for the Orb.
     0 | D        | Reached XP level 1. HP: 19/19 MP: 1/1
     9 | D        | Reached skill level 4 in Armour
    31 | D        | Noticed a phantom
    31 | D        | Noticed a hound
    31 | D        | Noticed an ogre
    31 | D        | Noticed a scorpion
    35 | D        | Killed a scorpion
    36 | D        | Reached skill level 6 in Armour
    36 | D        | Reached skill level 5 in Shields
    36 | D        | Reached XP level 2. HP: 28/28 MP: 2/2
    36 | D        | Reached XP level 3. HP: 35/35 MP: 3/3
    40 | D        | Killed an ogre
    41 | D        | Reached skill level 5 in Fighting
    41 | D        | Reached skill level 7 in Armour
    41 | D        | Reached XP level 4. HP: 31/44 MP: 4/4
    41 | D        | Reached XP level 5. HP: 35/51 MP: 5/5
    44 | D        | Reached skill level 8 in Armour
    44 | D        | Reached skill level 1 in Dodging
    50 | D        | Killed a phantom
    51 | D        | Reached skill level 5 in Maces & Flails
    51 | D        | Reached skill level 9 in Armour
    58 | D        | Found a snail-covered altar of Cheibriados.
    58 | D        | Found a shadowy altar of Dithmenos.
    58 | D        | Found a white marble altar of Elyvilon.
    58 | D        | Found a blossoming altar of Fedhas.
    58 | D        | Found an opulent altar of Gozag.
    59 | D        | Found a hazy altar of Hepliaklqana.
    60 | D        | Found a viscous altar of Jiyva.
    61 | D        | Found an ancient bone altar of Kikubaaqudgha.
    62 | D        | Found a corrupted altar of Lugonu.
    63 | D        | Found a burning altar of Makhleb.
    64 | D        | Found a sparkling altar of Nemelex Xobeh.
    65 | D        | Found an iron altar of Okawaru.
    66 | D        | Became a worshipper of Gozag Ym Sagoz the Greedy
    67 | D        | Found a stormy altar of Qazlal.
    68 | D        | Found a sacrificial altar of Ru.
    69 | D        | Found a shimmering blue altar of Sif Muna.
    70 | D        | Found a bloodstained altar of Trog.
    71 | D        | Found a hide-covered altar of Uskayaw.
    72 | D        | Found a radiant altar of Vehumet.
    73 | D        | Found an ornate altar of the Wu Jian Council.
    74 | D        | Found a shimmering altar of Xom.
    75 | D        | Found a basalt altar of Yredelemnul.
    76 | D        | Found a glowing silver altar of Zin.
    77 | D        | Found a glowing golden altar of the Shining One.
   144 | D        | Noticed a yak
   144 | D        | Noticed an orc warrior
   144 | D        | Noticed an orc warrior
   144 | D        | Noticed a wyvern
   144 | D        | Noticed an orc warrior
   147 | D        | Killed an orc warrior
   147 | D        | Killed an orc warrior
   148 | D        | Reached skill level 10 in Armour
   148 | D        | Reached XP level 6. HP: 62/62 MP: 6/6
   152 | D        | Killed a wyvern
   153 | D        | Reached XP level 7. HP: 36/70 MP: 7/7
   155 | D        | Reached skill level 11 in Armour
   155 | D        | Reached skill level 1 in Evocations
   177 | D        | Killed a yak
   344 | D        | Noticed a vampire
   344 | D        | Noticed a catoblepas
   344 | D        | Noticed a deep elf pyromancer
   344 | D        | Noticed a boulder beetle
   344 | D        | Noticed a brown ugly thing
   344 | D        | Noticed a troll
   347 | D        | Killed a deep elf pyromancer
   348 | D        | Reached skill level 12 in Armour
   348 | D        | Reached XP level 8. HP: 73/79 MP: 8/8
   349 | D        | Killed a troll
   350 | D        | Reached skill level 10 in Shields
   388 | D        | Killed a brown ugly thing
   389 | D        | Reached skill level 1 in Stealth
   467 | D        | Reached skill level 10 in Maces & Flails
   467 | D        | Reached XP level 9. HP: 47/87 MP: 9/9
   732 | D        | HP: 4/87 [catoblepas (3)]
   733 | D        | Slain by a catoblepas

Illustrated notes

Levels and vault maps discovered:
D:        linesprint [early_d, line_temple, items_1, d_10, items_2, lair_1,
          lair_end, items_3, orc_1, orc_end, items_4, d_15, swamp_1, shoals_1,
          snake_1, spider_1, d_20, vaults_1, items_5, swamp_end, shoals_end,
          snake_end, spider_end, vaults_end, d_27, items_6, zot_1, zot_end,
          crypt_end, forest_end, elf_end, slime_end, tomb_end, abyss_end,
          pan_hell_end]

Skill      XL: |  1  2  3  4  5  6  7  8 |
---------------+-------------------------+-----
Armour         | 6 7 10 12 | 12.9
Fighting       | 4 5 6 7 8 |  8.8
Maces & Flails | 3 4 6 8 10 | 10.0
Shields        | 5 6 8 9 10 | 10.2
Dodging        | 1 2 |  2.7
Evocations     | 2 3 |  3.1
Stealth        | 3 |  3.0

Action                   |  1- 3 |  4- 6 |  7- 9 || total
-------------------------+-------+-------+-------++-------
Melee: Flail             |    23 |    15 |   106 ||   144
       Tailslap          |       |     3 |    26 ||    29
Invok: Potion Petition   |       |       |     1 ||     1
Evoke: Wand              |       |     3 |     7 ||    10
  Use: Potion            |     1 |       |    11 ||    12
 Stab: Petrified         |       |       |    14 ||    14
       Invisible         |       |       |     2 ||     2
       Petrifying        |       |       |     1 ||     1
Armor: Scale mail        |     8 |     3 |       ||    11
       Plate armour      |       |       |    40 ||    40
Dodge: Dodged            |     9 |     2 |    22 ||    33
Block: Buckler           |     6 |     4 |    15 ||    25

Table legend: (Time is in decaauts)
 A = Elapsed time spent in this place.
 B = Non-inter-level travel time spent in this place.
 C = Inter-level travel time spent in this place.
 D = Time resting spent in this place.
 E = Time spent auto-exploring this place.
 F = Levels seen in this place.
 G = Mean time per level.
                   A        B        C        D        E       F      G
               +--------+--------+--------+--------+--------+-----+--------+
         Total |    731 |    731 |      0 |    347 |      3 |   1 |  731.0 |
       Dungeon |    731 |    731 |      0 |    347 |      3 |   1 |  731.0 |
               +--------+--------+--------+--------+--------+-----+--------+

Top non-repeatable levels by time:
       D: 731 daAuts
